 Dungeon Crawl Stone Soup version 0.19.1 (webtiles) character file.

1808 SQman the Cudgeler (level 8, -13/78 HPs)
             Began as a Troll Fighter on Dec 10, 2016.
             Was a Priest of Kikubaaqudgha.
             Mangled by TheSquall's ghost (16 damage)
             ... on level 7 of the Dungeon.
             The game lasted 00:43:20 (5808 turns).

SQman the Cudgeler (Troll Fighter)                  Turns: 5808, Time: 00:43:20

Health: -13/78     AC:  9    Str: 20 (25) XL:     8   Next: 84%
Magic:  8/8        EV:  1    Int: -2 (3)  God:    Kikubaaqudgha [***...]
Gold:   304        SH:  0    Dex:  0 (10) Spells: 3 memorised, 3 levels left

rFire  . . .     SeeInvis +     L - +1 flail (drain)
rCold  . . .     Gourm    +     p - +0 robe
rNeg   . . .     Faith    .     c - +0 shield
rPois  .         Spirit   .     (helmet restricted)
rElec  .         Reflect  +     g - +1 cloak
rCorr  .         Harm     .     (gloves unavailable)
MR     .....                    (boots unavailable)
Stlth  ..........               j - +3 amulet of reflection
                                y - ring of see invisible
                                o - ring of wizardry

@: slowed, lost intelligence, lost dexterity, very slow
A: unfitting armour, claws 3, molten scales 1, deterioration 2, dopey 1, fast
metabolism 3, gourmand, low mp 1, regeneration 1, shaggy fur 1, tough skin 2
a: Receive Corpses, Renounce Religion


You were on level 7 of the Dungeon.
You worshipped Kikubaaqudgha.
Kikubaaqudgha was most pleased with you.
You were not hungry.

You visited 1 branch of the dungeon, and saw 7 of its levels.
You also visited: Sewer.

You collected 329 gold pieces.
You spent 25 gold pieces at shops.

Inventory:

Hand Weapons
 a - a +0 flail
 d - a +3 quarterstaff of chaos
 e - a +0 spear
 m - a +0 flail of crushing
 s - a cursed +0 mace
 z - a +0 giant spiked club
 L - a +1 flail of draining (weapon)
Missiles
 v - 2 tomahawks (quivered)
Armour
 b - a +0 robe
 c - a +0 shield (worn)
 g - a +1 cloak (worn)
 h - a +0 ring mail
 p - a +0 robe (worn)
 t - a +0 cloak
 u - a +0 pair of gloves
Magical Staves
 B - an uncursed staff of power
Jewellery
 j - a +3 amulet of reflection (around neck)
 o - a ring of wizardry (left claw)
 y - a ring of see invisible (right claw)
Wands
 k - a wand of confusion (6/48)
 r - a wand of polymorph (7/24)
 D - a wand of flame (33/48)
 G - a wand of digging (11/24)
 K - a wand of iceblast (7/15)
Scrolls
 x - 7 scrolls of teleportation
 A - a scroll of brand weapon {unknown}
 E - a scroll of fog
 F - a scroll of blinking
 I - 2 scrolls of remove curse {unknown}
 J - a scroll of recharging {unknown}
Potions
 i - 3 potions of curing
 l - a potion of invisibility
 w - a potion of brilliance
 H - a potion of might
Books
 n - Kikubaaqudgha's Compendium of Sinister Arts
   (Kikubaaqudgha gifted it to you on level 2 of the Dungeon)

   Spells                             Type                      Level
   a - Animate Skeleton               Necromancy                   1
   b - Corpse Rot                     Necromancy                   2
   c - Sublimation of Blood           Necromancy                   2
   d - Regeneration                   Charms/Necromancy            3
   e - Control Undead                 Necromancy                   4
 C - Kikubaaqudgha's Almanac of Evil Arts
   (Kikubaaqudgha gifted it to you on level 5 of the Dungeon)

   Spells                             Type                      Level
   a - Animate Dead                   Necromancy                   4
   b - Agony                          Necromancy                   5
   c - Dispel Undead                  Necromancy                   5
   d - Simulacrum                     Ice/Necromancy               6
   e - Death Channel                  Necromancy                   6
Comestibles
 f - 4 bread rations
 q - 4 fruits


   Skills:
 + Level 4.3 Fighting
 + Level 6.5 Maces & Flails
 + Level 5.2 Dodging
 + Level 1.0 Stealth
 + Level 3.3 Shields
 + Level 1.7 Spellcasting
 + Level 2.3 Necromancy


You had 3 spell levels left.
You knew the following spells:

 Your Spells              Type           Power        Failure   Level  Hunger
a - Animate Skeleton      Necr           N/A          52%         1    ##.....
b - Corpse Rot            Necr           N/A          71%         2    ###....
c - Animate Dead          Necr           N/A          100%        4    #####..


Dungeon Overview and Level Annotations

Branches:
Dungeon (7/15)             Temple (0/1) D:5

Altars:
Kikubaaqudgha
Sif Muna
Trog
Uskayaw
Zin

Shops:
D:4 !   D:5 *

Annotations:
D:7 TheSquall's ghost, novice MiFi


Innate Abilities, Weirdness & Mutations

You are too large for most types of armour.
You have claws for hands.
Your metabolism is lightning-fast.
You like to eat raw meat.
Your natural rate of healing is unusually fast.
You are covered in fur. (AC +1)
You have very tough skin. (AC +2)
You are partially covered in molten scales. (AC +2)
Your body often deteriorates upon taking damage.
You are dopey. (Int -2)
Your magical capacity is low. (-10% MP)


Message History

The orc wizard hits you but does no damage.
The orc hits you but does no damage.
The orc wizard hits you but does no damage.
TheSquall's ghost hits you!!
* * * LOW HITPOINT WARNING * * *
The orc hits you.
* * * LOW HITPOINT WARNING * * *
The orc wizard hits you but does no damage.
You can move again.
You hit TheSquall's ghost.
TheSquall's ghost is moderately damaged.
The orc wizard casts a spell at you. You resist with some effort.
TheSquall's ghost hits you.
* * * LOW HITPOINT WARNING * * *
The orc hits you but does no damage. The orc wizard barely misses you.
The orc wizard hits you with a dagger.
* * * LOW HITPOINT WARNING * * *
TheSquall's ghost hits you!
You die...
Kikubaaqudgha rasps: "You have failed me!
Welcome... death!"

... #.. ... ..# #..
.... #...## ##[# ....>
#....# ##..# .....#
#....# ##.[## %.....#
#....# ###..##
.......####...####...##
......ooo.#....#....##
......ZW@..###.....##
.......o....##....##
.....###.....#...##
..### ##.......## #
###....## ##..## #.##
###


You could see 2 orc wizards, TheSquall's ghost, 2 orcs and an adder zombie.

Vanquished Creatures
  An ice beast (D:6)
  A necrophage (D:4)
  5 ogres
  3 phantoms (D:5)
  A bullfrog (D:6)
  A howler monkey (D:5)
  2 crimson imps (D:6)
  A quasit (D:7)
  3 orc priests (D:5)
  A hound (D:4)
  Crazy Yiuf (D:3)
  An iguana (D:4)
  2 orc wizards
  Ijyb (D:3)
  4 centaur skeletons
  3 worker ants
  3 gnolls (D:3)
  9 adders
  A howler monkey skeleton (D:4)
  5 river rats (Sewer)
  A shadow imp (D:5)
  An adder skeleton (D:6)
  An adder zombie (D:5)
  3 dart slugs
  4 leopard geckos
  17 orcs
  4 ball pythons (Sewer)
  6 goblins
  10 hobgoblins
  7 jackals
  2 quokkas
  3 bats
  9 frilled lizards
  7 kobolds
  2 leopard gecko skeletons
  2 leopard gecko zombies (D:6)
  15 rats
  A bush (D:1)
144 creatures vanquished.

Vanquished Creatures (collateral kills)
  A crimson imp (D:5)
  A hound (D:4)
  2 orcs (D:5)
  A goblin (D:3)
  4 jackals
  A frilled lizard (Sewer)
  A rat (Sewer)
11 creatures vanquished.

Grand Total: 155 creatures vanquished

Notes
Turn   | Place    | Note
-------+----------+-------------------------------------------
     0 | D:1      | SQman the Troll Fighter began the quest for the Orb.
     0 | D:1      | Reached XP level 1. HP: 22/22 MP: 0/0
   470 | D:1      | Reached XP level 2. HP: 29/29 MP: 1/1
  1022 | D:2      | Found a faded altar of an unknown god.
  1079 | D:2      | Became a worshipper of Kikubaaqudgha
  1079 | D:2      | Reached * piety under Kikubaaqudgha
  1079 | D:2      | Identified Kikubaaqudgha's Compendium of Sinister Arts (Kikubaaqudgha gifted it to you on level 2 of the Dungeon)
  1079 | D:2      | Received a gift from Kikubaaqudgha
  1085 | D:2      | Learned a level 1 spell: Animate Skeleton
  1276 | D:2      | Reached skill level 2 in Maces & Flails
  1386 | D:2      | Reached XP level 3. HP: 36/36 MP: 2/2
  1703 | D:3      | Reached XP level 4. HP: 37/45 MP: 3/3
  1742 | D:3      | Learned a level 2 spell: Corpse Rot
  2074 | D:3      | Noticed Ijyb
  2083 | D:3      | Killed Ijyb
  2083 | D:3      | Reached skill level 3 in Maces & Flails
  2083 | D:3      | Reached XP level 5. HP: 53/53 MP: 4/4
  2152 | D:3      | Found a runed door.
  2156 | D:3      | Noticed Crazy Yiuf
  2161 | D:3      | Killed Crazy Yiuf
  2272 | D:3      | Reached ** piety under Kikubaaqudgha
  2407 | D:4      | Noticed a necrophage
  2413 | D:4      | Killed a necrophage
  2413 | D:4      | Reached skill level 1 in Necromancy
  2413 | D:4      | Reached XP level 6. HP: 60/61 MP: 4/6
  2688 | D:4      | Found Jousseuv's Distillery.
  2698 | D:4      | Reached skill level 1 in Spellcasting
  2701 | D:4      | Bought a potion of mutation for 25 gold pieces
  2701 | D:4      | Gained mutation: Your body sometimes deteriorates upon taking damage. [potion of mutation]
  2701 | D:4      | Gained mutation: You are partially covered in molten scales. (AC +2) [potion of mutation]
  2720 | D:4      | Reached skill level 4 in Maces & Flails
  2883 | D:4      | Reached XP level 7. HP: 62/67 MP: 7/7
  3084 | D:5      | Entered Level 5 of the Dungeon
  3126 | D:5      | Found a bloodstained altar of Trog.
  3147 | D:5      | Found a staircase to the Ecumenical Temple.
  3196 | D:5      | Found Tuys's Assorted Antiques.
  3290 | D:5      | Gained mutation: Your body often deteriorates upon taking damage. [potion of mutation]
  3290 | D:5      | Gained mutation: You are dopey. (Int -2) [potion of mutation]
  3290 | D:5      | Gained mutation: Your magical capacity is low. (-10% MP) [potion of mutation]
  3474 | D:5      | Reached *** piety under Kikubaaqudgha
  3474 | D:5      | Identified Kikubaaqudgha's Almanac of Evil Arts (Kikubaaqudgha gifted it to you on level 5 of the Dungeon)
  3474 | D:5      | Received a gift from Kikubaaqudgha
  3607 | D:5      | Reached skill level 5 in Maces & Flails
  3607 | D:5      | Reached XP level 8. HP: 69/78 MP: 8/8
  3702 | D:5      | Found a glowing drain.
  3711 | Sewer    | Entered a sewer
  3869 | Sewer    | Learned a level 4 spell: Animate Dead
  4335 | D:5      | Found a deep blue altar of Sif Muna.
  4350 | D:5      | Found an ancient bone altar of Kikubaaqudgha.
  4555 | D:6      | Lost intelligence.
  4839 | D:6      | Reached skill level 6 in Maces & Flails
  5024 | D:6      | Reached skill level 5 in Dodging
  5026 | D:6      | HP: 1/78 [centaur skeleton (5)]
  5361 | D:6      | Reached skill level 1 in Stealth
  5507 | D:7      | Found a glowing silver altar of Zin.
  5600 | D:7      | Found a hide-covered altar of Uskayaw.
  5799 | D:7      | Noticed TheSquall's ghost (novice MiFi)
  5806 | D:7      | Lost dexterity.
  5808 | D:7      | HP: 3/78 [orc wizard/dagger (3)]
  5808 | D:7      | Mangled by TheSquall's ghost

Skill      XL: |  1  2  3  4  5  6  7  8 |
---------------+-------------------------+-----
Maces & Flails | 2 3 4 5 6 |  6.5
Fighting       | 3 4 |  4.3
Dodging        | 3 4 5 |  5.2
Necromancy     | 1 2 |  2.3
Spellcasting   | 1 |  1.7
Shields        | 3 |  3.3
Stealth        | 1 |  1.0

Action                   |  1- 3 |  4- 6 |  7- 9 || total
-------------------------+-------+-------+-------++-------
Melee: Flail             |   140 |   162 |   345 ||   647
       Unarmed           |       |     2 |       ||     2
       Giant spiked club |       |       |    18 ||    18
Throw: Tomahawk          |       |     2 |     2 ||     4
 Cast: Animate Skeleton  |     1 |    13 |    27 ||    41
Invok: Receive Corpses   |       |       |     1 ||     1
Evoke: Wand              |       |       |     1 ||     1
  Use: Potion            |     4 |     6 |     5 ||    15
       Scroll            |     4 |     3 |     2 ||     9
 Stab: Sleeping          |     1 |       |     1 ||     2
  Eat: Chunk             |    11 |    14 |    23 ||    48
       Fruit             |     2 |       |     2 ||     4
       Pizza             |     1 |       |       ||     1
       Meat ration       |       |       |     1 ||     1
       Bread ration      |       |       |     1 ||     1
       Beef jerky        |       |       |     1 ||     1
Armor: Robe              |    29 |    63 |   227 ||   319
Dodge: Dodged            |    40 |   111 |   272 ||   423
Block: Shield            |    29 |       |     5 ||    34
       Reflection        |     1 |       |       ||     1
       Other             |     7 |    20 |    69 ||    96
